 Dungeon Crawl Stone Soup version 0.23-a0-139-ga22e90c45f (webtiles) character file.

143 Kaname the Conjurer (level 5, 19/35 HPs)
             Began as a Demonspawn Wizard on Aug 31, 2018.
             Quit the game on level 2 of the Dungeon.
             The game lasted 00:05:36 (1750 turns).

Kaname the Conjurer (Demonspawn Wizard)             Turns: 1750, Time: 00:05:37

Health: 19/35      AC:  4    Str:  7    XL:     5   Next: 4%
Magic:  0/9        EV: 12    Int: 20    God:
Gold:   25         SH:  0    Dex: 12    Spells: 4/10 levels left

rFire    . . .     SeeInvis +   r - +0 spear
rCold    . . .     Gourm    .   (no shield)
rNeg     . . .     Faith    .   a - +0 robe
rPois    .         Spirit   .   b - +0 hat
rElec    .         Reflect  .   (no cloak)
rCorr    .         Harm     .   (no gloves)
MR       .....                  (no boots)
Stlth    ++........             (no amulet)
HPRegen  0.11/turn              i - ring of see invisible
MPRegen  0.11/turn              (no ring)

@: very slightly contaminated
A: horns 1, yellow scales 1, demonic guardian 1, rot immunity
a: no special abilities


You were on level 2 of the Dungeon.
You were hungry.

You visited 1 branch of the dungeon, and saw 2 of its levels.

You collected 25 gold pieces.

Inventory:

Hand Weapons
 f - a +0 short sword
 r - a +0 spear (weapon)
Missiles
 m - 15 sling bullets
Armour
 a - a +0 robe (worn)
 b - a +0 hat (worn)
Jewellery
 i - a ring of see invisible (left hand)
Scrolls
 c - a scroll of enchant weapon {unknown}
 e - a scroll of fog {unknown}
 h - a scroll of identify {unknown}
 j - a scroll of noise {unknown}
 k - a scroll of enchant armour {unknown}
 l - a scroll of random uselessness {unknown}
 p - a scroll of amnesia {unknown}
 q - a scroll of teleportation {unknown}
 s - a scroll of fear {unknown}
 t - a scroll of immolation {unknown}
Potions
 g - a potion of flight {unknown}
 n - 2 potions of curing {unknown}
 o - a potion of resistance {unknown}
Comestibles
 d - 5 rations


   Skills:
 - Level 1.7 Dodging
 - Level 1.7 Stealth
 - Level 3.0 Spellcasting
 + Level 4.9 Conjurations
   Level 1.0 Summonings
 - Level 0.8 Translocations


You had 4 spell levels left.
You knew the following spells:

 Your Spells              Type           Power        Failure   Level  Hunger
a - Magic Dart            Conj           ###.         1%          1    None
b - Blink                 Tloc           N/A          16%         2    ##.....
c - Mephitic Cloud        Conj/Pois/Air  #.......     22%         3    ###....

Your spell library contained the following spells:

 Spells                   Type           Power        Failure   Level  Hunger
 Call Imp                 Summ           #.......     14%         2    ##.....
 Conjure Flame            Conj/Fire      ##......     16%         3    ###....
 Slow                     Hex            #.......     22%         2    ##.....


Dungeon Overview and Level Annotations

Branches:
Dungeon (2/15)

Altars:


Innate Abilities, Weirdness & Mutations

You have a pair of small horns on your head.
You are partially covered in yellow scales. (AC +2)
A weak demonic guardian rushes to your aid.
You are immune to rotting.


Message History

Aim: a gnoll The ball explodes into a vile cloud!
The stinking cloud engulfs the gnoll.
The gnoll is engulfed in noxious fumes.
The gnoll appears confused.
The gnoll is engulfed in noxious fumes.
The gnoll appears confused.
Attack whom?
Press: ? - help, Dir - move target cursor, f/p - gnoll
Aim: a gnoll (noxious fumes, moderately wounded, confused)
You reach to attack!
You catch the helpless gnoll completely off-guard!
You hit the gnoll.
The gnoll is moderately wounded.
The gnoll is engulfed in noxious fumes.
The gnoll appears confused.
You hit the gnoll. You headbutt the gnoll.
The gnoll is almost dead.
The gnoll is engulfed in noxious fumes.
The gnoll appears confused.
You kill the gnoll!
You have reached level 5!
Your demonic ancestry asserts itself...
Yellow scales grow over part of your body.
Are you sure you want to abandon this character and quit the game? (Confirm

### #<# #.# #.#
#§# ####### #§#
......# #@#
......##########.#
.....)'..........#
......############
......#
#...###########
......#
#.#.##........#
......#
#.#.###.#####.#
......####.#.# #.#
#.#
..........>#.###.#
###.#######


There were no monsters in sight!

Vanquished Creatures
  6 gnolls (D:2)
  4 adders (D:2)
  2 dart slugs (D:1)
  A leopard gecko (D:1)
  2 ball pythons (D:1)
  4 bats (D:1)
  3 goblins (D:1)
  6 hobgoblins
  4 jackals (D:1)
  2 kobolds (D:1)
  2 frilled lizards (D:1)
  4 rats
40 creatures vanquished.

Vanquished Creatures (collateral kills)
  A gnoll (D:2)
1 creature vanquished.

Grand Total: 41 creatures vanquished

Notes
Turn   | Place    | Note
-------+----------+-------------------------------------------
     0 | D:1      | Kaname the Demonspawn Wizard began the quest for the Orb.
     0 | D:1      | Reached XP level 1. HP: 13/13 MP: 4/4
   163 | D:1      | Reached skill level 2 in Conjurations
   181 | D:1      | Gained mutation: You have a pair of small horns on your
                  | head. [demonic ancestry]
   181 | D:1      | Reached XP level 2. HP: 19/19 MP: 0/6
   765 | D:1      | Reached skill level 3 in Conjurations
   767 | D:1      | Gained mutation: A weak demonic guardian rushes to your
                  | aid. [demonic ancestry]
   767 | D:1      | Reached XP level 3. HP: 24/24 MP: 0/7
   902 | D:1      | Learned a level 2 spell: Blink
   906 | D:1      | Learned a level 3 spell: Mephitic Cloud
  1229 | D:2      | Reached skill level 4 in Conjurations
  1229 | D:2      | Gained mutation: You are immune to rotting. [demonic
                  | ancestry]
  1229 | D:2      | Reached XP level 4. HP: 30/30 MP: 3/8
  1360 | D:2      | Found a faded altar of an unknown god.
  1590 | D:2      | HP: 1/30 [gnoll (8)]
  1749 | D:2      | Gained mutation: You are partially covered in yellow
                  | scales. (AC +2) [demonic ancestry]
  1749 | D:2      | Reached XP level 5. HP: 19/35 MP: 0/9
  1750 | D:2      | Quit the game

Vault maps used:
D:1:      mrwooster_arrival_statue
D:2:      lemuel_round_altar, chequers_ecumenical_altar_simple, uniq_robin

Skill      XL: |  1  2  3 |
---------------+----------+-----
Conjurations   | 2 3 4 |  4.9
Dodging        | |  1.7
Stealth        | |  1.7
Spellcasting   | |  3.0
Summonings     | |  1.0
Translocations | |  0.8

Action                   |  1- 3 |  4- 6 || total
-------------------------+-------+-------++-------
Melee: Unarmed           |     7 |       ||     7
       Short sword       |    31 |       ||    31
       Headbutt          |     3 |     1 ||     4
       Spear             |       |     7 ||     7
 Cast: Magic Dart        |    68 |    35 ||   103
       Blink             |       |     2 ||     2
       Mephitic Cloud    |       |     1 ||     1
 Stab: Sleeping          |     1 |       ||     1
       Confused          |       |     1 ||     1
  Eat: Chunk             |     1 |     1 ||     2
Armor: Robe              |    13 |     1 ||    14
Dodge: Dodged            |    26 |     7 ||    33

Table legend:
 A = Non-vault XP
 B = Vault XP
 C = Vault XP percentage of total XP
 D = Non-vault monster count
 E = Vault monster count
 F = Vault count percentage of total count
                 A         B        C        D         E       F
            +---------+---------+-------+---------+---------+-------
      Total |     205 |       0 |   0.0 |      41 |       0 |   0.0
            +---------+---------+-------+---------+---------+-------
        D:1 |      45 |       0 |   0.0 |      25 |       0 |   0.0
        D:2 |     160 |       0 |   0.0 |      16 |       0 |   0.0
            +---------+---------+-------+---------+---------+-------
